 Dungeon Crawl Stone Soup version 0.28-a0-1387-g3a22ab9bdc (webtiles) character file.

Game seed: 12454802093104716173

112 Deminshera the Covered (level 4, -1/42 HPs)
             Began as a Deep Dwarf Fighter on Jan 2, 2022.
             Slain by Crazy Yiuf (5 damage)
             ... on level 2 of the Dungeon.
             The game lasted 00:01:11 (1220 turns).

Deminshera the Covered (Deep Dwarf Fighter)         Turns: 1220, Time: 00:01:13

Health: -1/42      AC:  7    Str: 21    XL:     4   Next: 64%
Magic:  4/4        EV:  9    Int:  9    God:
Gold:   122        SH: 10    Dex: 12    Spells: 3/3 levels left

rFire   . . .      SeeInvis .   a - +0 war axe
rCold   . . .      Faith    .   c - +0 buckler
rNeg    . . .      Spirit   .   b - +0 scale mail
rPois   .          Reflect  +   (no helmet)
rElec   .          Harm     .   (no cloak)
rCorr   .          Rampage  .   (no gloves)
Will    .....                   (no boots)
Stlth   ..........              f - amulet of reflection
HPRegen 0.00/turn               (no ring)
MPRegen 0.09/turn               (no ring)

@: lethally poisoned (-1 -> -1), slowed, very slow
A: damage resistance, heal wounds, sense surroundings 1, no regeneration
a: Heal Wounds


You were on level 2 of the Dungeon.
You visited 1 branch of the dungeon, and saw 2 of its levels.

You collected 122 gold pieces.

Inventory:

Hand Weapons
 a - a +0 war axe (weapon)
Armour
 b - a +0 scale mail (worn)
 c - a +0 buckler (worn)
Jewellery
 f - an amulet of reflection (around neck)
 i - an amulet of magic regeneration
Scrolls
 e - a scroll of holy word {unknown}
 g - a scroll of noise {unknown}
 h - 2 scrolls of identify {unknown}
 j - a scroll of summoning {unknown}
 l - a scroll of enchant weapon {unknown}
 n - a scroll of torment {unknown}
Potions
 d - a potion of might
 k - a potion of heal wounds {unknown}
 m - a potion of resistance {unknown}


   Skills:
 + Level 3.4 Fighting
 + Level 3.3 Axes
 + Level 4.2 Armour
 - Level 4.0 Shields


You had 3 spell levels left.
You didn't know any spells.
Your spell library contained the following spells:

 Spells                   Type           Power      Damage    Failure   Level
 Ensorcelled Hibernation  Hex/Ice        0%         N/A       85%         2
 Spider Form              Tmut/Pois      0%         N/A       97%         3


Dungeon Overview and Level Annotations

Branches:
Dungeon (2/15)

Altars:

Shops:
D:2 (

Annotations:
D:2 Crazy Yiuf


Innate Abilities, Weirdness & Mutations

You are resistant to damage.
You can heal yourself by infusing magical energy.
You passively map a small area around you.
You do not regenerate.


Message History

Key pressed, stopping explore.
No target in view!
You see here a +0 dagger.
Things that are here:
a +0 dagger; 4 stones Key pressed, stopping explore.
No target in view!
There is an open door here.
No reachable target in view!
Could not explore, unopened runed door.
No reachable target in view!
Could not explore, unopened runed door.
No reachable target in view!
You open the door.
Crazy Yiuf waves his quarterstaff at you.
You closely miss Crazy Yiuf. You block Crazy Yiuf's attack.
Crazy Yiuf screams, "Pitchfork!"
Crazy Yiuf barely misses you.
You hit Crazy Yiuf.
Crazy Yiuf is lightly wounded.
Crazy Yiuf yells, "Ice head ragdoll!"
Crazy Yiuf hits you with a +3 quarterstaff of chaos!
You feel yourself slow down.
You closely miss Crazy Yiuf.
Crazy Yiuf is lightly wounded.
Crazy Yiuf hits you with a +3 quarterstaff of chaos!
You are poisoned.
Crazy Yiuf hits you with a +3 quarterstaff of chaos!
Crazy Yiuf freezes you.
You are too injured to fight recklessly!
You are too injured to fight recklessly!
You are too injured to fight recklessly!
You are too injured to fight recklessly!
You barely miss Crazy Yiuf.
Crazy Yiuf is lightly wounded.
You feel sick. You block Crazy Yiuf's attack.
Crazy Yiuf hits you with a +3 quarterstaff of chaos!
* * * LOW HITPOINT WARNING * * *
Crazy Yiuf burns you.
You die...

#.............#########
######........##......#
###########......#
##.....### #.....##.
#######.....##. ###
###.#..'......##.
#...##..#..........##.
#...g@####..........#.
#)..### ##.+.......#.
### ####......#.
######.## ##.....##
###........ #.....#####
#.....'.... #.....#####


You could see Crazy Yiuf.

Vanquished Creatures
  An orc priest (D:2)
  An orc wizard (D:2)
  2 adders (D:2)
  A dart slug (D:2)
  An orc (D:2)
  A ball python (D:1)
  2 endoplasms (D:2)
  11 giant cockroaches (D:2)
  2 goblins (D:2)
  2 hobgoblins
  A quokka (D:2)
  2 frilled lizards (D:2)
  3 kobolds
  4 rats
34 creatures vanquished.

Notes
Turn   | Place    | Note
-------+----------+-------------------------------------------
     0 | D:1      | Deminshera the Deep Dwarf Fighter began the quest for the
                  | Orb.
     0 | D:1      | Reached XP level 1. HP: 20/20 MP: 1/1
   208 | D:1      | Found a faded altar of an unknown god.
   535 | D:2      | Found a runed translucent door.
   536 | D:2      | Noticed Crazy Yiuf
   668 | D:2      | Reached XP level 2. HP: 22/27 MP: 2/2
   723 | D:2      | Reached XP level 3. HP: 23/34 MP: 3/3
   830 | D:2      | Found Ocativin's Weapon Boutique.
   850 | D:2      | Reached XP level 4. HP: 19/42 MP: 4/4
  1220 | D:2      | Slain by Crazy Yiuf

Illustrated notes

Levels and vault maps discovered:
D:1:      ncdulo_smallfort, layout_basic, hellmonk_ecumenical_altar_zigzags
D:2:      minmay_roachtagon, layout_basic, serial_shops,
          nicolae_shop_bloodbath_and_beyond, minmay_fountain_box,
          uniq_crazy_yiuf_cottage

Skill      XL: |  1  2  3  4 |
---------------+-------------+-----
Fighting       | 3 |  3.4
Axes           | 3 |  3.3
Shields        | 4 |  4.0
Armour         | 4 |  4.2

Action                   |  1- 3 |  4- 6 || total
-------------------------+-------+-------++-------
Melee: War axe           |    62 |    25 ||    87
 Abil: Heal Wounds       |       |     1 ||     1
Armor: Scale mail        |    16 |    16 ||    32
Dodge: Dodged            |    23 |     3 ||    26
Block: Buckler           |    40 |     9 ||    49
       Reflection        |       |     1 ||     1

Table legend: (Time is in decaauts)
 A = Elapsed time spent in this place.
 B = Non-inter-level travel time spent in this place.
 C = Inter-level travel time spent in this place.
 D = Time resting spent in this place.
 E = Time spent auto-exploring this place.
 F = Levels seen in this place.
 G = Mean time per level.
                   A        B        C        D        E       F      G
               +--------+--------+--------+--------+--------+-----+--------+
         Total |   1252 |   1223 |     29 |      0 |   1005 |   2 |  626.0 |
       Dungeon |   1252 |   1223 |     29 |      0 |   1005 |   2 |  626.0 |
               +--------+--------+--------+--------+--------+-----+--------+

Top non-repeatable levels by time:
     D:2: 746 daAuts
     D:1: 505 daAuts
